Checkers vs Heat
(R2)
Created - May 26, 2021 at 20:53
Goals
|
| Checkers |
0 |
5 |
0 |
1 |
6 |
| Heat |
0 |
2 |
3 |
0 |
5 |
|
Shots
|
| Checkers |
7 |
12 |
5 |
2 |
26 |
| Heat |
12 |
13 |
16 |
0 |
41 |
|
1st period
No Goal
Penalties :
Jerry D'Amigo (Cha) for Interference (Minor) at 0:25, Quinton Howden (Cha) for Hooking (Minor) at 12:26, Jake Virtanen (Cha) for Tripping (Minor) at 14:43, Esa Lindell (Sto) for Hooking (Minor) at 18:07
2nd period
1. Checkers , Kerby Rychel 4 (Michael Latta 9, Igor Bobkov) at 2:24 (PP)
2. Heat , Esa Lindell 3 (Philip Varone 10) at 3:20 (PP)
3. Checkers , William Colbert 1 (Tobias Rieder 5, Aleksander Barkov 15) at 3:35
4. Heat , Bryan Rust 3 (Esa Lindell 11, Tanner Pearson 6) at 9:40 (PP)
5. Checkers , Mitchell Heard 2 (William Colbert 5, Michal Jordan 5) at 12:36
6. Checkers , Jonathan Huberdeau 9 (Aleksander Barkov 16) at 14:01 (PP)
7. Checkers , Michael Latta 5 (Kerby Rychel 4, Markus Nutivaara 4) at 18:57
Penalties :
David Savard (Sto) for Tripping (Minor) at 1:50, Michael Latta (Cha) for High sticking (Minor) at 3:18, Michael Latta (Cha) for Tripping (Minor) at 9:21, Niklas Hansson (Cha) for Hooking (Minor) at 9:33, David Savard (Sto) for Hooking (Minor) at 13:59, Philip Varone (Sto) for Hooking (Minor) at 16:38, Jonathan Huberdeau (Cha) for High sticking (Minor) at 19:09
3rd period
8. Heat , Philip Varone 6 (Esa Lindell 12, Tanner Pearson 7) at 2:22
9. Heat , Matthew Nieto 2 (Kevin Labanc 5, Colby Cohen 2) at 7:02
10. Heat , Kevin Labanc 6 (Victor Rask 5) at 8:02 (PP)
Penalties :
Aleksander Barkov (Cha) for Slashing (Minor) at 7:05, William Colbert (Cha) for Close Hand On Puck (Minor) at 12:29, Evgeny Svechnikov (Sto) for Hooking (Minor) at 15:52
Overtime #1
11. Checkers , Aleksander Barkov 4 (Jonathan Huberdeau 12) at 0:39 (PP)
Penalties :
David Savard (Sto) for Hooking (Minor) at 0:36
Goalie Stats
Igor Bobkov (Cha), 36 saves from 41 shots - (0.878), W, 5-1-0, 60:39 minutes
Antti Raanta (Sto), 8 saves from 10 shots - (0.800), OTL, 3-1-1, 26:38 minutes
Michael Hutchinson (Sto), 12 saves from 16 shots - (0.750), 34:01 minutes
Players Stats for Checkers
Player Name G A P +/- PIM S H SB GA TA FO MP PP MP PK MP
------------------------------------------------------------------------------------
Aaron Ekblad 0 0 0 -1 0 1 1 2 0 1 0/0 26:00 4:11 5:00
Aleksander Barkov 1 2 3 1 2 6 3 0 1 0 21/40 18:03 3:24 0:08
Jake Virtanen 0 0 0 -1 2 0 1 0 0 0 0/1 8:51 0:00 0:00
Jerry D'Amigo 0 0 0 1 2 2 2 1 0 1 1/2 21:58 3:11 6:50
John Draeger 0 0 0 0 0 0 0 4 0 2 0/0 19:19 0:00 8:30
Jonathan Huberdeau 1 1 2 1 2 4 0 0 0 1 0/1 19:59 3:24 1:50
Kerby Rychel 1 1 2 1 0 1 1 0 0 0 0/0 13:51 3:11 0:00
Markus Nutivaara 0 1 1 -1 0 2 0 1 2 0 0/0 23:58 4:11 2:04
Matt Puempel 0 0 0 -1 0 0 0 0 0 0 0/0 7:57 0:00 0:00
Michael Latta 1 1 2 1 4 3 2 0 0 1 11/21 21:45 3:11 7:25
Michael McCarron 0 0 0 0 0 0 0 0 0 1 0/0 6:19 0:00 0:00
Michal Jordan 0 1 1 2 0 1 0 2 0 1 0/0 16:16 2:24 0:31
Mitchell Heard 1 0 1 0 0 2 1 1 0 0 0/0 7:50 0:00 0:57
Niklas Hansson 0 0 0 0 2 0 0 0 0 2 0/0 17:15 0:00 7:01
Quinton Howden 0 0 0 -1 2 1 2 2 0 0 2/10 12:33 0:00 4:35
Roberts Lipsbergs 0 0 0 0 0 0 1 0 0 0 0/0 7:11 0:00 0:27
Tobias Rieder 0 1 1 1 0 1 1 0 3 0 0/0 21:47 3:24 3:51
William Colbert 1 1 2 2 2 2 1 1 0 1 0/0 19:02 2:24 3:03
Players Stats for Heat
Player Name G A P +/- PIM S H SB GA TA FO MP PP MP PK MP
------------------------------------------------------------------------------------
Barclay Goodrow 0 0 0 -1 0 0 1 0 0 0 0/0 6:19 0:00 0:00
Bryan Rust 1 0 1 -1 0 5 3 1 3 0 2/2 27:44 7:49 3:56
Chris Brown 0 0 0 -1 0 2 0 0 0 0 1/2 7:17 0:00 0:58
Colby Cohen 0 1 1 1 0 0 1 0 0 0 0/0 12:25 0:00 0:44
David Savard 0 0 0 -2 6 2 3 0 0 4 0/0 29:25 8:24 3:43
Esa Lindell 1 2 3 -2 2 5 0 1 2 1 0/0 27:57 8:24 2:51
Evgeny Svechnikov 0 0 0 0 2 1 0 0 0 0 0/0 8:42 0:00 0:00
Greg Pateryn 0 0 0 0 0 1 2 0 0 1 0/0 18:52 4:41 2:14
Jake DeBrusk 0 0 0 0 0 2 2 0 0 0 0/1 10:17 0:00 1:53
Kevin Labanc 1 1 2 1 0 3 2 0 1 0 0/0 14:59 5:16 0:00
Mathieu Brodeur 0 0 0 0 0 1 1 1 0 0 0/0 21:10 4:41 3:38
Matthew Nieto 1 0 1 1 0 2 0 0 0 0 1/1 16:13 5:16 0:53
Peter Cehlarik 0 0 0 -1 0 0 1 0 0 0 0/0 6:19 0:00 0:00
Philip Varone 1 1 2 -1 2 7 2 0 1 0 22/42 26:21 7:49 2:37
Rasmus Andersson 0 0 0 1 0 0 0 0 0 0 0/0 11:41 0:00 0:00
Ryan Spooner 0 0 0 0 0 0 1 0 0 0 2/4 9:51 0:00 1:08
Tanner Pearson 0 2 2 0 0 9 0 0 4 0 5/6 24:38 7:49 1:08
Tyler Shattock 0 0 0 0 0 0 0 0 0 0 0/0 0:28 0:00 0:00
Victor Rask 0 1 1 0 0 1 0 0 0 0 7/17 15:56 5:16 0:37
3 Stars
1 - Aleksander Barkov (Cha)
2 - Kerby Rychel (Cha)
3 - Kevin Labanc (Sto)
Power Play
Checkers - 3 on 6 Attempt(s) - 50.00%
Heat - 3 on 9 Attempt(s) - 33.33%
Penalty Kill
Checkers - 6 on 9 Attempt(s) - 66.67%
- Score 0 goal in Penalty Kill
Heat - 3 on 6 Attempt(s) - 50.00%
- Score 0 goal in Penalty Kill
Team Stat
Checkers - Hits : 16 - Faceoff Wins : 35 - Blocked Shots : 14 - Penalty Minutes : 18
Heat - Hits : 19 - Faceoff Wins : 40 - Blocked Shots : 3 - Penalty Minutes : 12
Official
Referees : Unknown
Linesman : Unknown
Game Notes
Antti Raanta enters game at 14:01 of 2nd period
Finance
Level 1 -- Attendance: 1774 (88.70%) -- Ticket Income $70,960
Level 2 -- Attendance: 940 (94.00%) -- Ticket Income $18,800
Total Attendance: 2714 (90.47%)
Total Ticket Income: $89,760
Other Income: $4,488
Total Income: $94,248
Checkers
5 vs 5 Forward
Center Left Wing Right Wing Time % Phy DF OF
1 Aleksander Barkov Jonathan Huberdeau Tobias Rieder 40 0 2 3
2 Michael Latta Kerby Rychel Jerry D'Amigo 30 0 2 3
3 Quinton Howden Matt Puempel Jake Virtanen 20 0 3 2
4 Mitchell Heard Roberts Lipsbergs Michael McCarron 10 1 2 2
5 vs 5 Defense
Defense Defense Time % Phy DF OF
1 Aaron Ekblad Markus Nutivaara 40 0 2 3
2 Michal Jordan William Colbert 30 0 2 3
3 John Draeger Niklas Hansson 20 1 2 2
4 Aaron Ekblad Markus Nutivaara 10 0 2 3
PowerPlay Forward
Center Left Wing Right Wing Time % Phy DF OF
1 Aleksander Barkov Jonathan Huberdeau Tobias Rieder 60 0 1 4
2 Michael Latta Kerby Rychel Jerry D'Amigo 40 0 1 4
PowerPlay Defense
Defense Defense Time % Phy DF OF
1 Aaron Ekblad Markus Nutivaara 60 0 2 3
2 Michal Jordan William Colbert 40 0 2 3
Penalty Kill 4 Players Forward
Center Wing Time % Phy DF OF
1 Michael Latta Jerry D'Amigo 60 1 3 1
2 Quinton Howden Tobias Rieder 40 1 3 1
Penalty Kill 4 Players Defense
Defense Defense Time % Phy DF OF
1 John Draeger Niklas Hansson 60 1 4 0
2 William Colbert Aaron Ekblad 40 1 4 0
Penalty Kill - 3 Players Forward
Forward Time % Phy DF OF
1 Michael Latta 60 1 3 1
2 Mitchell Heard 40 1 3 1
Penalty Kill - 3 Players Defense
Defense Defense Time % Phy DF OF
1 John Draeger Niklas Hansson 60 1 4 0
2 William Colbert Aaron Ekblad 40 1 4 0
4 vs 4 Forward
Center Wing Time % Phy DF OF
1 Aleksander Barkov Jonathan Huberdeau 60 0 2 3
2 Michael Latta Tobias Rieder 40 0 2 3
4 vs 4 Defense
Defense Defense Time % Phy DF OF
1 Aaron Ekblad Markus Nutivaara 60 0 2 3
2 William Colbert Michal Jordan 40 0 2 3
Last Minutes Offensive
Center Left Wing Right Wing Defense Defense
Aleksander Barkov Jonathan Huberdeau Tobias Rieder Aaron Ekblad Markus Nutivaara
Last Minutes Defensive
Center Left Wing Right Wing Defense Defense
Michael Latta Kerby Rychel Tobias Rieder John Draeger Niklas Hansson
Goaltenders
Starting : Igor Bobkov
Backup : Garret Sparks
Extra Forwards
Normal : Jake Virtanen, Jonathan Huberdeau, Aleksander Barkov - PP : Jake Virtanen, Jonathan Huberdeau - PK : Michael Latta
Extra Defensemen
Normal : Niklas Hansson, Markus Nutivaara, Aaron Ekblad - PP : William Colbert - PK : Aaron Ekblad, Niklas Hansson
Penalty Shots
Aleksander Barkov, Tobias Rieder, Quinton Howden, Michael Latta, Jonathan Huberdeau
Scratches
Viktor Baldayev (Healthy), Juuso Ikonen (Healthy), Keaton Thompson (Healthy), Kyle Platzer (Healthy), Connor Honey (Healthy)
Lukas Vejdemo (Healthy), Dmytro Timashov (Healthy), Anton Zlobin (Healthy), Nelson Nogier (Healthy), Jake Walman (Healthy)
Marek Langhamer (Healthy)
Heat
5 vs 5 Forward
Center Left Wing Right Wing Time % Phy DF OF
1 Philip Varone Tanner Pearson Bryan Rust 40 1 2 2
2 Victor Rask Matthew Nieto Kevin Labanc 30 1 2 2
3 Ryan Spooner Jake DeBrusk Evgeny Svechnikov 20 1 2 2
4 Chris Brown Peter Cehlarik Barclay Goodrow 10 1 2 2
5 vs 5 Defense
Defense Defense Time % Phy DF OF
1 David Savard Esa Lindell 40 1 2 2
2 Greg Pateryn Mathieu Brodeur 30 1 2 2
3 Colby Cohen Rasmus Andersson 20 1 2 2
4 Greg Pateryn Mathieu Brodeur 10 1 2 2
PowerPlay Forward
Center Left Wing Right Wing Time % Phy DF OF
1 Philip Varone Tanner Pearson Bryan Rust 60 1 2 2
2 Victor Rask Matthew Nieto Kevin Labanc 40 1 2 2
PowerPlay Defense
Defense Defense Time % Phy DF OF
1 David Savard Esa Lindell 60 1 2 2
2 Greg Pateryn Mathieu Brodeur 40 1 2 2
Penalty Kill 4 Players Forward
Center Wing Time % Phy DF OF
1 Philip Varone Bryan Rust 60 1 2 2
2 Ryan Spooner Tanner Pearson 40 1 2 2
Penalty Kill 4 Players Defense
Defense Defense Time % Phy DF OF
1 David Savard Esa Lindell 60 1 2 2
2 Greg Pateryn Mathieu Brodeur 40 1 2 2
Penalty Kill - 3 Players Forward
Forward Time % Phy DF OF
1 Bryan Rust 60 1 2 2
2 Philip Varone 40 1 2 2
Penalty Kill - 3 Players Defense
Defense Defense Time % Phy DF OF
1 David Savard Esa Lindell 60 1 2 2
2 Greg Pateryn Mathieu Brodeur 40 1 2 2
4 vs 4 Forward
Center Wing Time % Phy DF OF
1 Philip Varone Bryan Rust 60 1 2 2
2 Victor Rask Tanner Pearson 40 1 2 2
4 vs 4 Defense
Defense Defense Time % Phy DF OF
1 David Savard Esa Lindell 60 1 2 2
2 Greg Pateryn Mathieu Brodeur 40 1 2 2
Last Minutes Offensive
Center Left Wing Right Wing Defense Defense
Philip Varone Tanner Pearson Bryan Rust David Savard Esa Lindell
Last Minutes Defensive
Center Left Wing Right Wing Defense Defense
Philip Varone Tanner Pearson Bryan Rust David Savard Esa Lindell
Goaltenders
Starting : Michael Hutchinson
Backup : Antti Raanta
Extra Forwards
Normal : Tyler Shattock, Matthew Nieto, Jake DeBrusk - PP : Tyler Shattock, Matthew Nieto - PK : Jake DeBrusk
Extra Defensemen
Normal : Mathieu Brodeur, Colby Cohen, Rasmus Andersson - PP : Rasmus Andersson - PK : Mathieu Brodeur, Colby Cohen
Penalty Shots
Tanner Pearson, Bryan Rust, Philip Varone, Matthew Nieto, Jake DeBrusk
Scratches
Frank Corrado (Healthy), Christian Jaros (Healthy), Trevor Carrick (Healthy), Petteri Lindbohm (Healthy), Alexander True (Healthy)
Eric Karlsson (Healthy), John Gilmour (Healthy), Ryan Donato (Healthy), Vladislav Kamenev (Healthy), Dominik Masin (Healthy)
Brandon Hickey (Healthy), Nathan Lieuwen (Healthy), Vitek Vanecek (Healthy)
% Time on Ice - Checkers
Lines # - Real PCT - Wanted PCT - Time Play
Normal Forward
1 - 39% - 40% - 16:02
2 - 26% - 30% - 10:41
3 - 19% - 20% - 7:57
4 - 15% - 10% - 6:19
Normal Defense
1 - 44% - 40% - 17:51
2 - 33% - 30% - 13:22
3 - 22% - 20% - 9:00
4 - 2% - 10% - 0:46
PP Forward
1 - 52% - 60% - 3:24
2 - 48% - 40% - 3:11
PP Defense
1 - 64% - 60% - 4:11
2 - 36% - 40% - 2:24
PK Forward
1 - 70% - 60% - 9:07
2 - 30% - 40% - 3:51
PK Defense
1 - 69% - 60% - 8:54
2 - 31% - 40% - 4:04
PK3 Forward
1 - 100% - 60% - 0:07
2 - 0% - 40% - 0:00
PK3 Defense
1 - 100% - 60% - 0:07
2 - 0% - 40% - 0:00
44 Forward
1 - 0% - 60%
2 - 0% - 40%
44 Defense
1 - 0% - 60%
2 - 0% - 40%
Last Minute Offensive - 0:00
Last Minute Defensive - 0:00
Total
Forward - 60:39
Defense - 60:39
|
% Time on Ice - Heat
Lines # - Real PCT - Wanted PCT - Time Play
Normal Forward
1 - 40% - 40% - 16:14
2 - 25% - 30% - 10:14
3 - 20% - 20% - 8:12
4 - 15% - 10% - 6:19
Normal Defense
1 - 42% - 40% - 17:21
2 - 27% - 30% - 11:15
3 - 29% - 20% - 11:41
4 - 2% - 10% - 0:42
PP Forward
1 - 60% - 60% - 7:49
2 - 40% - 40% - 5:16
PP Defense
1 - 64% - 60% - 8:24
2 - 36% - 40% - 4:41
PK Forward
1 - 83% - 60% - 5:27
2 - 17% - 40% - 1:08
PK Defense
1 - 66% - 60% - 4:21
2 - 34% - 40% - 2:14
PK3 Forward
1 - 0% - 60%
2 - 0% - 40%
PK3 Defense
1 - 0% - 60%
2 - 0% - 40%
44 Forward
1 - 0% - 60%
2 - 0% - 40%
44 Defense
1 - 0% - 60%
2 - 0% - 40%
Last Minute Offensive - 0:00
Last Minute Defensive - 0:00
Total
Forward - 60:39
Defense - 60:39
|
Play-by-Play
1st period
0:01 of 1st period - Aleksander Barkov wins face-off versus Tanner Pearson in neutral zone.
0:25 of 1st period - Minor Penalty to Jerry D'Amigo for Interference.
0:26 of 1st period - Philip Varone wins face-off versus Jonathan Huberdeau in Checkers zone.
0:37 of 1st period - Slapshot by David Savard.
0:37 of 1st period - Deflect By Niklas Hansson.
0:37 of 1st period - Stopped by Igor Bobkov without a rebound.
0:38 of 1st period - Quinton Howden wins face-off versus Victor Rask in Checkers zone.
0:53 of 1st period - Slapshot by Victor Rask.
0:53 of 1st period - Stopped by Igor Bobkov with a rebound.
1:51 of 1st period - Bryan Rust is hit by Quinton Howden and loses puck.
2:25 of 1st period - Penalty to Jerry D'Amigo is over, Jerry D'Amigo is back on ice.
2:38 of 1st period - Slapshot by Evgeny Svechnikov.
2:38 of 1st period - Deflect By Jake DeBrusk.
2:38 of 1st period - Stopped by Igor Bobkov without a rebound.
2:39 of 1st period - Aleksander Barkov wins face-off versus Ryan Spooner in Checkers zone.
3:30 of 1st period - Snap shot by Tanner Pearson.
3:30 of 1st period - Stopped by Igor Bobkov without a rebound.
3:31 of 1st period - Aleksander Barkov wins face-off versus Victor Rask in Checkers zone.
4:50 of 1st period - Snap shot by Chris Brown.
4:50 of 1st period - Stopped by Igor Bobkov with a rebound.
6:27 of 1st period - Snap shot by Tobias Rieder.
6:27 of 1st period - Shot Misses the Net.
6:37 of 1st period - Aaron Ekblad is hit by Mathieu Brodeur and loses puck.
6:53 of 1st period - Wrist shot by Quinton Howden.
6:53 of 1st period - Stopped by Michael Hutchinson with a rebound.
7:16 of 1st period - Tanner Pearson is hit by Mitchell Heard and loses puck.
8:14 of 1st period - David Savard is hit by Jake Virtanen and loses puck.
8:51 of 1st period - Icing by Tanner Pearson.
8:52 of 1st period - Philip Varone wins face-off versus Michael Latta in Heat zone.
9:05 of 1st period - Wrist shot by Jerry D'Amigo.
9:05 of 1st period - Deflect By Michael Latta.
9:05 of 1st period - Stopped by Michael Hutchinson without a rebound.
9:06 of 1st period - Aleksander Barkov wins face-off versus Victor Rask in Heat zone.
9:09 of 1st period - Wrist shot by Jonathan Huberdeau.
9:09 of 1st period - Shot Misses the Net.
9:34 of 1st period - Greg Pateryn is hit by Jerry D'Amigo.
9:54 of 1st period - Jerry D'Amigo is hit by David Savard and loses puck.
9:59 of 1st period - Slapshot by Esa Lindell.
9:59 of 1st period - Deflect By Chris Brown.
9:59 of 1st period - Shot Misses the Net.
9:59 of 1st period - Puck is out of play.
10:00 of 1st period - Aleksander Barkov wins face-off versus Chris Brown in Checkers zone.
10:09 of 1st period - Wrist shot by Jonathan Huberdeau.
10:09 of 1st period - Stopped by Michael Hutchinson with a rebound.
10:14 of 1st period - Off-side.
10:15 of 1st period - Philip Varone wins face-off versus Aleksander Barkov in neutral zone.
10:20 of 1st period - Wrist shot by Tanner Pearson.
10:20 of 1st period - Shot Misses the Net.
10:25 of 1st period - Off-side.
10:26 of 1st period - Victor Rask wins face-off versus Aleksander Barkov in neutral zone.
10:42 of 1st period - Wrist shot by Matthew Nieto.
10:42 of 1st period - Deflect By Kevin Labanc.
10:42 of 1st period - Stopped by Igor Bobkov with a rebound.
10:56 of 1st period - Slapshot by Bryan Rust.
10:56 of 1st period - Shot Misses the Net.
10:58 of 1st period - Slapshot by Philip Varone.
10:58 of 1st period - Shot Misses the Net.
11:00 of 1st period - Slapshot by Greg Pateryn.
11:00 of 1st period - Stopped by Igor Bobkov with a rebound.
11:02 of 1st period - Snap shot by Bryan Rust.
11:02 of 1st period - Shot Blocked by Quinton Howden.
11:59 of 1st period - Snap shot by Aleksander Barkov.
11:59 of 1st period - Stopped by Michael Hutchinson with a rebound.
12:26 of 1st period - Minor Penalty to Quinton Howden for Hooking.
12:27 of 1st period - Philip Varone wins face-off versus Michael Latta in Checkers zone.
12:29 of 1st period - Slapshot by Esa Lindell.
12:29 of 1st period - Stopped by Igor Bobkov with a rebound.
12:36 of 1st period - Off-side.
12:37 of 1st period - Michael Latta wins face-off versus Philip Varone in neutral zone.
12:48 of 1st period - Off-side.
12:49 of 1st period - Philip Varone wins face-off versus Michael Latta in neutral zone.
12:52 of 1st period - Slapshot by Esa Lindell.
12:52 of 1st period - Shot Misses the Net.
12:54 of 1st period - Snap shot by Tanner Pearson.
12:54 of 1st period - Shot Misses the Net.
13:00 of 1st period - Slapshot by Tanner Pearson.
13:00 of 1st period - Shot Blocked by John Draeger.
13:22 of 1st period - Niklas Hansson is hit by Greg Pateryn and loses puck.
14:26 of 1st period - Penalty to Quinton Howden is over, Quinton Howden is back on ice.
14:32 of 1st period - Matt Puempel is hit by David Savard and loses puck.
14:43 of 1st period - Minor Penalty to Jake Virtanen for Tripping.
14:44 of 1st period - Michael Latta wins face-off versus Victor Rask in Checkers zone.
15:26 of 1st period - Snap shot by Bryan Rust.
15:26 of 1st period - Deflect By Tanner Pearson.
15:26 of 1st period - Shot Blocked by Aaron Ekblad.
15:26 of 1st period - Puck is out of play.
15:27 of 1st period - Philip Varone wins face-off versus Quinton Howden in Checkers zone.
15:34 of 1st period - Wrist shot by Bryan Rust.
15:34 of 1st period - Stopped by Igor Bobkov with a rebound.
15:38 of 1st period - Backhand shot by Esa Lindell.
15:38 of 1st period - Shot Blocked by Quinton Howden.
15:40 of 1st period - Wrist shot by Philip Varone.
15:40 of 1st period - Stopped by Igor Bobkov without a rebound.
15:41 of 1st period - Michael Latta wins face-off versus Victor Rask in Checkers zone.
15:50 of 1st period - Slapshot by Esa Lindell.
15:50 of 1st period - Shot Blocked by John Draeger.
16:43 of 1st period - Penalty to Jake Virtanen is over, Jake Virtanen is back on ice.
16:56 of 1st period - Snap shot by Michael Latta.
16:56 of 1st period - Shot Hit the Post.
17:20 of 1st period - Snap shot by Jonathan Huberdeau.
17:20 of 1st period - Deflect By Aleksander Barkov.
17:20 of 1st period - Deflect By Rasmus Andersson.
17:20 of 1st period - Stopped by Michael Hutchinson without a rebound.
17:21 of 1st period - Aleksander Barkov wins face-off versus Victor Rask in Heat zone.
17:37 of 1st period - Wrist shot by Matthew Nieto.
17:37 of 1st period - Stopped by Igor Bobkov without a rebound.
17:38 of 1st period - Philip Varone wins face-off versus Quinton Howden in Checkers zone.
17:50 of 1st period - Snap shot by Tanner Pearson.
17:50 of 1st period - Stopped by Igor Bobkov without a rebound.
17:51 of 1st period - Tanner Pearson wins face-off versus Aleksander Barkov in Checkers zone.
18:07 of 1st period - Minor Penalty to Esa Lindell for Hooking.
18:08 of 1st period - Aleksander Barkov wins face-off versus Philip Varone in Heat zone.
18:14 of 1st period - Snap shot by Aleksander Barkov.
18:14 of 1st period - Shot Misses the Net.
18:16 of 1st period - Wrist shot by Markus Nutivaara.
18:16 of 1st period - Stopped by Michael Hutchinson without a rebound.
18:17 of 1st period - Aleksander Barkov wins face-off versus Philip Varone in Heat zone.
18:18 of 1st period - Snap shot by Jonathan Huberdeau.
18:18 of 1st period - Stopped by Michael Hutchinson without a rebound.
18:19 of 1st period - Aleksander Barkov wins face-off versus Philip Varone in Heat zone.
18:58 of 1st period - David Savard is hit by Jerry D'Amigo and loses puck.
Goals for this period are 0 for Checkers vs 0 for Heat.
Shots for this period are 7 for Checkers vs 12 for Heat.
2nd period
0:01 of 2nd period - Philip Varone wins face-off versus Aleksander Barkov in neutral zone.
0:06 of 2nd period - Snap shot by Philip Varone.
0:06 of 2nd period - Shot Misses the Net.
0:07 of 2nd period - Penalty to Esa Lindell is over, Esa Lindell is back on ice.
0:16 of 2nd period - Snap shot by Tobias Rieder.
0:16 of 2nd period - Shot Blocked by Mathieu Brodeur.
1:07 of 2nd period - Colby Cohen is hit by William Colbert.
1:37 of 2nd period - Snap shot by Bryan Rust.
1:37 of 2nd period - Stopped by Igor Bobkov with a rebound.
1:39 of 2nd period - Wrist shot by Bryan Rust.
1:39 of 2nd period - Deflect By Philip Varone.
1:39 of 2nd period - Stopped by Igor Bobkov with a rebound.
1:41 of 2nd period - Slapshot by Bryan Rust.
1:41 of 2nd period - Deflect By Tanner Pearson.
1:41 of 2nd period - Stopped by Igor Bobkov without a rebound.
1:42 of 2nd period - Victor Rask wins face-off versus Jerry D'Amigo in Checkers zone.
1:50 of 2nd period - Minor Penalty to David Savard for Tripping.
1:51 of 2nd period - Aleksander Barkov wins face-off versus Philip Varone in Heat zone.
2:24 of 2nd period - Snap shot by Kerby Rychel.
2:24 of 2nd period - Goal by Kerby Rychel - Checkers : 1 - Heat : 0.
2:25 of 2nd period - Aleksander Barkov wins face-off versus Philip Varone in neutral zone.
2:36 of 2nd period - Backhand shot by Philip Varone.
2:36 of 2nd period - Stopped by Igor Bobkov without a rebound.
2:37 of 2nd period - Philip Varone wins face-off versus Aleksander Barkov in Checkers zone.
3:18 of 2nd period - Minor Penalty to Michael Latta for High sticking.
3:19 of 2nd period - Philip Varone wins face-off versus Quinton Howden in Checkers zone.
3:20 of 2nd period - Slapshot by Esa Lindell.
3:20 of 2nd period - Goal by Esa Lindell - Checkers : 1 - Heat : 1.
3:21 of 2nd period - Aleksander Barkov wins face-off versus Philip Varone in neutral zone.
3:33 of 2nd period - Wrist shot by Tobias Rieder.
3:33 of 2nd period - Shot Misses the Net.
3:35 of 2nd period - Slapshot by William Colbert.
3:35 of 2nd period - Goal by William Colbert - Checkers : 2 - Heat : 1.
3:36 of 2nd period - Michael Latta wins face-off versus Philip Varone in neutral zone.
3:44 of 2nd period - John Draeger is hit by Bryan Rust and loses puck.
5:06 of 2nd period - Snap shot by Tobias Rieder.
5:06 of 2nd period - Stopped by Michael Hutchinson without a rebound.
5:07 of 2nd period - Philip Varone wins face-off versus Aleksander Barkov in Heat zone.
5:49 of 2nd period - Snap shot by Michael Latta.
5:49 of 2nd period - Shot Hit the Post.
6:12 of 2nd period - Snap shot by Kevin Labanc.
6:12 of 2nd period - Stopped by Igor Bobkov with a rebound.
6:14 of 2nd period - Snap shot by Matthew Nieto.
6:14 of 2nd period - Shot Misses the Net.
6:16 of 2nd period - Slapshot by Mathieu Brodeur.
6:16 of 2nd period - Deflect By Kevin Labanc.
6:16 of 2nd period - Shot Blocked by Michal Jordan.
6:16 of 2nd period - Puck is out of play.
6:17 of 2nd period - Michael Latta wins face-off versus Philip Varone in Checkers zone.
6:29 of 2nd period - Slapshot by Aaron Ekblad.
6:29 of 2nd period - Deflect By Philip Varone.
6:29 of 2nd period - Stopped by Michael Hutchinson with a rebound.
7:16 of 2nd period - Icing by Aaron Ekblad.
7:17 of 2nd period - Philip Varone wins face-off versus Quinton Howden in Checkers zone.
7:20 of 2nd period - Wrist shot by Bryan Rust.
7:20 of 2nd period - Stopped by Igor Bobkov without a rebound.
7:21 of 2nd period - Aleksander Barkov wins face-off versus Philip Varone in Checkers zone.
7:21 of 2nd period - Aleksander Barkov is hit by Bryan Rust.
8:28 of 2nd period - Barclay Goodrow is hit by Roberts Lipsbergs and loses puck.
8:37 of 2nd period - Mitchell Heard is hit by Greg Pateryn and loses puck.
8:52 of 2nd period - Wrist shot by Tobias Rieder.
8:52 of 2nd period - Shot Misses the Net.
9:21 of 2nd period - Minor Penalty to Michael Latta for Tripping.
9:22 of 2nd period - Victor Rask wins face-off versus Quinton Howden in Checkers zone.
9:33 of 2nd period - Minor Penalty to Niklas Hansson for Hooking.
9:34 of 2nd period - Philip Varone wins face-off versus Quinton Howden in Checkers zone.
9:36 of 2nd period - Slapshot by Esa Lindell.
9:36 of 2nd period - Shot Blocked by John Draeger.
9:38 of 2nd period - Slapshot by Esa Lindell.
9:38 of 2nd period - Stopped by Igor Bobkov with a rebound.
9:40 of 2nd period - Snap shot by Bryan Rust.
9:40 of 2nd period - Goal by Bryan Rust - Checkers : 2 - Heat : 2.
9:41 of 2nd period - Bryan Rust wins face-off versus Michael Latta in neutral zone.
11:33 of 2nd period - Penalty to Niklas Hansson is over, Niklas Hansson is back on ice.
11:48 of 2nd period - Wrist shot by Jake DeBrusk.
11:48 of 2nd period - Shot Misses the Net.
12:36 of 2nd period - Snap shot by Mitchell Heard.
12:36 of 2nd period - Goal by Mitchell Heard - Checkers : 3 - Heat : 2.
12:37 of 2nd period - Tanner Pearson wins face-off versus Aleksander Barkov in neutral zone.
12:46 of 2nd period - Slapshot by Philip Varone.
12:46 of 2nd period - Stopped by Igor Bobkov with a rebound.
12:48 of 2nd period - Slapshot by David Savard.
12:48 of 2nd period - Stopped by Igor Bobkov without a rebound.
12:49 of 2nd period - Jerry D'Amigo wins face-off versus Philip Varone in Checkers zone.
12:53 of 2nd period - Off-side.
12:54 of 2nd period - Michael Latta wins face-off versus Philip Varone in neutral zone.
13:17 of 2nd period - Slapshot by Michal Jordan.
13:17 of 2nd period - Stopped by Michael Hutchinson without a rebound.
13:18 of 2nd period - Aleksander Barkov wins face-off versus Victor Rask in Heat zone.
13:21 of 2nd period - Slapshot by Aleksander Barkov.
13:21 of 2nd period - Stopped by Michael Hutchinson without a rebound.
13:22 of 2nd period - Victor Rask wins face-off versus Aleksander Barkov in Heat zone.
13:22 of 2nd period - Victor Rask is hit by Aleksander Barkov.
13:36 of 2nd period - Snap shot by Jonathan Huberdeau.
13:36 of 2nd period - Stopped by Michael Hutchinson without a rebound.
13:37 of 2nd period - Philip Varone wins face-off versus Michael Latta in Heat zone.
13:37 of 2nd period - Philip Varone is hit by Michael Latta.
13:43 of 2nd period - Snap shot by Tanner Pearson.
13:43 of 2nd period - Shot Blocked by Jerry D'Amigo.
13:53 of 2nd period - Snap shot by Jerry D'Amigo.
13:53 of 2nd period - Shot Misses the Net.
13:59 of 2nd period - Minor Penalty to David Savard for Hooking.
14:00 of 2nd period - Aleksander Barkov wins face-off versus Philip Varone in Heat zone.
14:01 of 2nd period - Wrist shot by Jonathan Huberdeau.
14:01 of 2nd period - Goal by Jonathan Huberdeau - Checkers : 4 - Heat : 2.
14:01 of 2nd period - Antti Raanta enters game.
14:02 of 2nd period - Aleksander Barkov wins face-off versus Victor Rask in neutral zone.
14:27 of 2nd period - Markus Nutivaara is hit by David Savard.
15:37 of 2nd period - Wrist shot by Tobias Rieder.
15:37 of 2nd period - Shot Misses the Net.
16:16 of 2nd period - Off-side.
16:17 of 2nd period - Michael Latta wins face-off versus Philip Varone in neutral zone.
16:19 of 2nd period - Aaron Ekblad is hit by Philip Varone and loses puck.
16:22 of 2nd period - Wrist shot by Jerry D'Amigo.
16:22 of 2nd period - Shot Misses the Net.
16:38 of 2nd period - Minor Penalty to Philip Varone for Hooking.
16:39 of 2nd period - Aleksander Barkov wins face-off versus Jake DeBrusk in Heat zone.
16:52 of 2nd period - Backhand shot by Aleksander Barkov.
16:52 of 2nd period - Shot Blocked by Bryan Rust.
17:33 of 2nd period - Chris Brown is hit by Aleksander Barkov and loses puck.
17:54 of 2nd period - Snap shot by Michael Latta.
17:54 of 2nd period - Deflect By Jerry D'Amigo.
17:54 of 2nd period - Stopped by Antti Raanta with a rebound.
17:56 of 2nd period - Slapshot by William Colbert.
17:56 of 2nd period - Stopped by Antti Raanta without a rebound.
17:57 of 2nd period - Michael Latta wins face-off versus Victor Rask in Heat zone.
18:14 of 2nd period - Chris Brown is hit by Kerby Rychel and loses puck.
18:33 of 2nd period - Snap shot by Jerry D'Amigo.
18:33 of 2nd period - Shot Misses the Net.
18:35 of 2nd period - Slapshot by Aaron Ekblad.
18:35 of 2nd period - Shot Misses the Net.
18:37 of 2nd period - Wrist shot by Kerby Rychel.
18:37 of 2nd period - Shot Misses the Net.
18:38 of 2nd period - Penalty to Philip Varone is over, Philip Varone is back on ice.
18:39 of 2nd period - Snap shot by Jerry D'Amigo.
18:39 of 2nd period - Shot Misses the Net.
18:41 of 2nd period - Slapshot by Markus Nutivaara.
18:41 of 2nd period - Shot Misses the Net.
18:57 of 2nd period - Wrist shot by Kerby Rychel.
18:57 of 2nd period - Deflect By Michael Latta.
18:57 of 2nd period - Goal by Michael Latta - Checkers : 5 - Heat : 2.
18:58 of 2nd period - Ryan Spooner wins face-off versus Aleksander Barkov in neutral zone.
19:01 of 2nd period - John Draeger is hit by Jake DeBrusk and loses puck.
19:06 of 2nd period - Snap shot by Jake DeBrusk.
19:06 of 2nd period - Stopped by Igor Bobkov without a rebound.
19:07 of 2nd period - Aleksander Barkov wins face-off versus Ryan Spooner in Checkers zone.
19:09 of 2nd period - Minor Penalty to Jonathan Huberdeau for High sticking.
19:10 of 2nd period - Philip Varone wins face-off versus Michael Latta in Checkers zone.
19:10 of 2nd period - Snap shot by Tanner Pearson.
19:10 of 2nd period - Stopped by Igor Bobkov without a rebound.
19:11 of 2nd period - Philip Varone wins face-off versus Michael Latta in Checkers zone.
Goals for this period are 5 for Checkers vs 2 for Heat.
Shots for this period are 12 for Checkers vs 13 for Heat.
3rd period
0:01 of 3rd period - Philip Varone wins face-off versus Michael Latta in neutral zone.
0:04 of 3rd period - Michael Latta is hit by Philip Varone.
0:27 of 3rd period - Matthew Nieto is hit by Tobias Rieder and loses puck.
1:09 of 3rd period - Penalty to Jonathan Huberdeau is over, Jonathan Huberdeau is back on ice.
1:09 of 3rd period - Icing by Philip Varone.
1:10 of 3rd period - Philip Varone wins face-off versus Aleksander Barkov in Heat zone.
1:31 of 3rd period - Slapshot by Mitchell Heard.
1:31 of 3rd period - Stopped by Antti Raanta with a rebound.
1:59 of 3rd period - Rasmus Andersson is hit by Aleksander Barkov and loses puck.
2:18 of 3rd period - Snap shot by Tanner Pearson.
2:18 of 3rd period - Stopped by Igor Bobkov without a rebound.
2:19 of 3rd period - Tanner Pearson wins face-off versus Jake Virtanen in Checkers zone.
2:22 of 3rd period - Snap shot by Philip Varone.
2:22 of 3rd period - Goal by Philip Varone - Checkers : 5 - Heat : 3.
2:23 of 3rd period - Tanner Pearson wins face-off versus Aleksander Barkov in neutral zone.
2:50 of 3rd period - Jerry D'Amigo is hit by Ryan Spooner and loses puck.
3:05 of 3rd period - Michal Jordan is hit by Kevin Labanc and loses puck.
4:19 of 3rd period - Slapshot by Jake DeBrusk.
4:19 of 3rd period - Shot Misses the Net.
4:21 of 3rd period - Slapshot by Mathieu Brodeur.
4:21 of 3rd period - Stopped by Igor Bobkov with a rebound.
4:23 of 3rd period - Wrist shot by Evgeny Svechnikov.
4:23 of 3rd period - Stopped by Igor Bobkov with a rebound.
5:24 of 3rd period - Markus Nutivaara is hit by Colby Cohen and loses puck.
5:31 of 3rd period - Wrist shot by Markus Nutivaara.
5:31 of 3rd period - Shot Misses the Net.
5:33 of 3rd period - Wrist shot by Roberts Lipsbergs.
5:33 of 3rd period - Shot Misses the Net.
5:45 of 3rd period - Slapshot by Aaron Ekblad.
5:45 of 3rd period - Deflect By Mitchell Heard.
5:45 of 3rd period - Shot Misses the Net.
5:45 of 3rd period - Puck is out of play.
5:46 of 3rd period - Matthew Nieto wins face-off versus Aleksander Barkov in Heat zone.
5:48 of 3rd period - Icing by Colby Cohen.
5:49 of 3rd period - Victor Rask wins face-off versus Aleksander Barkov in Heat zone.
7:02 of 3rd period - Snap shot by Matthew Nieto.
7:02 of 3rd period - Goal by Matthew Nieto - Checkers : 5 - Heat : 4.
7:03 of 3rd period - Aleksander Barkov wins face-off versus Philip Varone in neutral zone.
7:05 of 3rd period - Minor Penalty to Aleksander Barkov for Slashing.
7:06 of 3rd period - Michael Latta wins face-off versus Philip Varone in Checkers zone.
7:14 of 3rd period - Bryan Rust is hit by Michael Latta and loses puck.
7:24 of 3rd period - Icing by Bryan Rust.
7:25 of 3rd period - Michael Latta wins face-off versus Philip Varone in Heat zone.
7:48 of 3rd period - Wrist shot by Philip Varone.
7:48 of 3rd period - Stopped by Igor Bobkov with a rebound.
7:50 of 3rd period - Backhand shot by Philip Varone.
7:50 of 3rd period - Shot Misses the Net.
7:52 of 3rd period - Slapshot by David Savard.
7:52 of 3rd period - Shot Misses the Net.
7:54 of 3rd period - Slapshot by Philip Varone.
7:54 of 3rd period - Stopped by Igor Bobkov with a rebound.
7:56 of 3rd period - Slapshot by Bryan Rust.
7:56 of 3rd period - Shot Misses the Net.
7:58 of 3rd period - Wrist shot by Philip Varone.
7:58 of 3rd period - Shot Blocked by John Draeger.
8:00 of 3rd period - Slapshot by David Savard.
8:00 of 3rd period - Deflect By Bryan Rust.
8:00 of 3rd period - Shot Misses the Net.
8:00 of 3rd period - Puck is out of play.
8:01 of 3rd period - Victor Rask wins face-off versus Quinton Howden in Checkers zone.
8:02 of 3rd period - Snap shot by Kevin Labanc.
8:02 of 3rd period - Goal by Kevin Labanc - Checkers : 5 - Heat : 5.
8:03 of 3rd period - Tanner Pearson wins face-off versus Aleksander Barkov in neutral zone.
8:06 of 3rd period - Slapshot by Esa Lindell.
8:06 of 3rd period - Stopped by Igor Bobkov with a rebound.
8:18 of 3rd period - Snap shot by Tanner Pearson.
8:18 of 3rd period - Shot Misses the Net.
8:20 of 3rd period - Slapshot by Bryan Rust.
8:20 of 3rd period - Shot Blocked by Aaron Ekblad.
9:05 of 3rd period - Snap shot by Aleksander Barkov.
9:05 of 3rd period - Stopped by Antti Raanta without a rebound.
9:06 of 3rd period - Bryan Rust wins face-off versus Michael Latta in Heat zone.
9:17 of 3rd period - Snap shot by Jerry D'Amigo.
9:17 of 3rd period - Shot Misses the Net.
9:19 of 3rd period - Slapshot by Markus Nutivaara.
9:19 of 3rd period - Stopped by Antti Raanta with a rebound.
9:31 of 3rd period - Markus Nutivaara is hit by Kevin Labanc and loses puck.
9:36 of 3rd period - Snap shot by Matthew Nieto.
9:36 of 3rd period - Shot Misses the Net.
9:38 of 3rd period - Wrist shot by Colby Cohen.
9:38 of 3rd period - Shot Misses the Net.
9:40 of 3rd period - Slapshot by Colby Cohen.
9:40 of 3rd period - Shot Misses the Net.
10:01 of 3rd period - William Colbert is hit by Jake DeBrusk and loses puck.
10:20 of 3rd period - Kerby Rychel is hit by Barclay Goodrow and loses puck.
10:45 of 3rd period - Snap shot by Michael McCarron.
10:45 of 3rd period - Shot Blocked by Esa Lindell.
10:50 of 3rd period - Off-side.
10:51 of 3rd period - Philip Varone wins face-off versus Aleksander Barkov in neutral zone.
11:04 of 3rd period - Wrist shot by Tanner Pearson.
11:04 of 3rd period - Stopped by Igor Bobkov with a rebound.
11:06 of 3rd period - Slapshot by Bryan Rust.
11:06 of 3rd period - Shot Misses the Net.
11:08 of 3rd period - Snap shot by Tanner Pearson.
11:08 of 3rd period - Stopped by Igor Bobkov with a rebound.
11:25 of 3rd period - Snap shot by Michael Latta.
11:25 of 3rd period - Shot Misses the Net.
11:27 of 3rd period - Wrist shot by Jerry D'Amigo.
11:27 of 3rd period - Stopped by Antti Raanta with a rebound.
11:29 of 3rd period - Snap shot by Niklas Hansson.
11:29 of 3rd period - Deflect By Michael Latta.
11:29 of 3rd period - Stopped by Antti Raanta without a rebound.
11:30 of 3rd period - Quinton Howden wins face-off versus Philip Varone in Heat zone.
11:31 of 3rd period - Slapshot by Markus Nutivaara.
11:31 of 3rd period - Shot Misses the Net.
12:08 of 3rd period - Snap shot by Bryan Rust.
12:08 of 3rd period - Stopped by Igor Bobkov with a rebound.
12:10 of 3rd period - Slapshot by Mathieu Brodeur.
12:10 of 3rd period - Shot Misses the Net.
12:12 of 3rd period - Snap shot by Bryan Rust.
12:12 of 3rd period - Shot Misses the Net.
12:14 of 3rd period - Wrist shot by Bryan Rust.
12:14 of 3rd period - Shot Misses the Net.
12:24 of 3rd period - Snap shot by Tanner Pearson.
12:24 of 3rd period - Stopped by Igor Bobkov without a rebound.
12:25 of 3rd period - Victor Rask wins face-off versus Aleksander Barkov in Checkers zone.
12:29 of 3rd period - Minor Penalty to William Colbert for Close Hand On Puck.
12:30 of 3rd period - Michael Latta wins face-off versus Victor Rask in Checkers zone.
12:56 of 3rd period - Esa Lindell is hit by Quinton Howden and loses puck.
14:29 of 3rd period - Penalty to William Colbert is over, William Colbert is back on ice.
15:07 of 3rd period - William Colbert is hit by Peter Cehlarik.
15:38 of 3rd period - Icing by John Draeger.
15:39 of 3rd period - Ryan Spooner wins face-off versus Michael Latta in Checkers zone.
15:52 of 3rd period - Minor Penalty to Evgeny Svechnikov for Hooking.
15:53 of 3rd period - Philip Varone wins face-off versus Aleksander Barkov in Heat zone.
16:01 of 3rd period - Mathieu Brodeur is hit by Aaron Ekblad and loses puck.
17:52 of 3rd period - Penalty to Evgeny Svechnikov is over, Evgeny Svechnikov is back on ice.
18:02 of 3rd period - Wrist shot by Mitchell Heard.
18:02 of 3rd period - Shot Misses the Net.
18:12 of 3rd period - Slapshot by David Savard.
18:12 of 3rd period - Shot Blocked by Michal Jordan.
18:14 of 3rd period - Slapshot by David Savard.
18:14 of 3rd period - Shot Blocked by Mitchell Heard.
18:18 of 3rd period - Snap shot by Tanner Pearson.
18:18 of 3rd period - Stopped by Igor Bobkov with a rebound.
18:20 of 3rd period - Wrist shot by David Savard.
18:20 of 3rd period - Shot Blocked by William Colbert.
18:22 of 3rd period - Slapshot by Esa Lindell.
18:22 of 3rd period - Deflect By Michal Jordan.
18:22 of 3rd period - Stopped by Igor Bobkov without a rebound.
18:23 of 3rd period - Chris Brown wins face-off versus Quinton Howden in Checkers zone.
18:28 of 3rd period - Wrist shot by Chris Brown.
18:28 of 3rd period - Shot Misses the Net.
18:30 of 3rd period - Slapshot by Chris Brown.
18:30 of 3rd period - Stopped by Igor Bobkov with a rebound.
18:32 of 3rd period - Slapshot by Colby Cohen.
18:32 of 3rd period - Shot Misses the Net.
19:08 of 3rd period - Markus Nutivaara is hit by Bryan Rust and loses puck.
Goals for this period are 0 for Checkers vs 3 for Heat.
Shots for this period are 5 for Checkers vs 16 for Heat.
Overtime #1
0:01 of 1st overtime period - Philip Varone wins face-off versus Aleksander Barkov in neutral zone.
0:09 of 1st overtime period - Off-side.
0:10 of 1st overtime period - Aleksander Barkov wins face-off versus Philip Varone in neutral zone.
0:21 of 1st overtime period - Slapshot by Aleksander Barkov.
0:21 of 1st overtime period - Stopped by Antti Raanta without a rebound.
0:22 of 1st overtime period - Aleksander Barkov wins face-off versus Philip Varone in Heat zone.
0:31 of 1st overtime period - Slapshot by David Savard.
0:31 of 1st overtime period - Shot Blocked by Markus Nutivaara.
0:36 of 1st overtime period - Minor Penalty to David Savard for Hooking.
0:37 of 1st overtime period - Philip Varone wins face-off versus Aleksander Barkov in Heat zone.
0:39 of 1st overtime period - Snap shot by Aleksander Barkov.
0:39 of 1st overtime period - Goal by Aleksander Barkov - Checkers : 6 - Heat : 5.
Goals for this period are 1 for Checkers vs 0 for Heat.
Shots for this period are 2 for Checkers vs 0 for Heat.
Output by the SimonT Hockey Simulator (STHS) for Francois Prevost